Map: 2000 Atmospheres LE

Players

Zoun - Winner!

  • Race: Protoss Protoss

HeroMarine

  • Race: Terran Terran

VOD

Have the link to the VOD?

Description

Time

  • Played on: Oct. 21, 2021, 9 a.m.
  • Length: 14:12
Show
View Real Time Build Order
Export as new Build Order

Zoun Protoss - Winner!

Build Orders: 1 Gate Expand, Oracle Opening, Phoenix Opening, Colossus Rush 

Get SALT Encoding   

  12  0:00  Probe  
  13  0:12  Probe  
  14  0:17  Pylon  
  14  0:24  Probe (Chrono Boost)  
  15  0:36  Probe (Chrono Boost)  
  15  0:37  Gateway  
  16  0:44  Probe (Chrono Boost)  
  16  0:46  Assimilator  
  17  0:51  Probe  
  18  1:03  Probe  
  19  1:15  Probe  
  20  1:24  Cybernetics Core  
  20  1:33  Nexus  
  20  1:38  Probe  
  21  1:43  Pylon  
  21  1:52  Probe, Assimilator  
  22  1:58  Adept (Chrono Boost)  
  22  2:04  Probe  
  25  2:16  Probe  
  25  2:19  Stargate  
  26  2:24  Adept  
  26  2:28  Probe  
  29  2:35  Warp Gate  
  29  2:40  Probe (Chrono Boost)  
  30  2:45  Probe (Chrono Boost)  
  32  2:52  Probe (Chrono Boost)  
  32  2:55  Probe (Chrono Boost)  
  32  2:57  Adept, Probe (Chrono Boost)  
  35  3:00  Probe (Chrono Boost)  
  35  3:05  Oracle (Chrono Boost)  
  37  3:07  Probe  
  37  3:12  Probe  
  42  3:13  Pylon  
  42  3:19  Probe  
  43  3:24  Probe  
  44  3:34  Phoenix  
  44  3:36  Gateway  
  44  3:37  Probe x2  
  44  3:40  Assimilator  
  48  3:44  Assimilator  
  48  3:45  Pylon  
  48  3:50  Probe  
  49  3:59  Phoenix  
  49  4:01  Probe  
  52  4:05  Probe  
  52  4:07  Robotics Facility  
  53  4:13  Probe  
  54  4:18  Probe  
  54  4:24  Phoenix  
  57  4:25  Probe  
  57  4:31  Nexus  
  58  4:33  Pylon  
  58  4:34  Probe  
  58  4:40  Adept x2  
  62  4:50  Phoenix  
  62  4:52  Probe x2  
  66  4:56  Robotics Bay  
  66  5:00  Immortal (Chrono Boost)  
  70  5:08  Shield Battery  
  70  5:10  Pylon  
  70  5:12  Shield Battery  
  70  5:18  Pylon  
  70  5:28  Probe x2  
  70  5:32  Observer (Chrono Boost)  
  73  5:37  Sentry  
  73  5:40  Probe  
  73  5:42  Twilight Council  
  76  5:44  Forge, Probe x2  
  78  5:50  Colossus (Chrono Boost)  
  78  5:53  Extended Thermal Lance, Probe (Chrono Boost)  
  78  5:56  Probe (Chrono Boost)  
  78  5:57  Probe (Chrono Boost)  
  87  6:05  Observer  
  87  6:09  Probe x2 (Chrono Boost)  
  87  6:10  Probe (Chrono Boost)  
  87  6:11  Gateway  
  90  6:12  Gateway, Protoss Ground Weapons Level 1 (Chrono Boost)  
  90  6:13  Stalker  
  90  6:14  Probe (Chrono Boost)  
  90  6:17  Probe (Chrono Boost)  
  93  6:19  Charge (Chrono Boost)  
  93  6:27  Probe x2  
  93  6:29  Probe, Pylon  
  96  6:39  Probe  
  97  6:44  Colossus (Chrono Boost)  
  97  6:47  Probe x2  
  97  6:49  Assimilator  
  97  6:53  Gateway  
  105  6:54  Assimilator  
  105  6:56  Gateway  
  105  7:01  Pylon  
  105  7:02  Pylon  
  105  7:06  Probe x2, Pylon  
  107  7:15  Gateway  
  107  7:16  Gateway  
  107  7:18  Gateway  
  107  7:19  Templar Archives, Gateway  
  107  7:20  Colossus (Chrono Boost)  
  107  7:22  Pylon  
  107  7:27  Probe x2  
  107  7:29  Probe  
  116  7:34  Zealot x2  
  116  7:35  Zealot x2  
  124  7:44  Pylon  
  122  7:54  Sentry  
  124  8:02  Nexus  
  124  8:04  Gateway, Warp Prism (Chrono Boost)  
  124  8:05  Probe  
  125  8:11  High Templar x4  
  125  8:12  Protoss Ground Armor Level 1 (Chrono Boost), Zealot x4  
  141  8:19  Archon  
  141  8:26  Zealot x2  
  145  8:27  Archon, Pylon  
  139  8:43  Stalker x2  
  139  8:44  Stalker  
  139  8:45  Zealot x2  
  139  8:46  Zealot x3  
  153  8:51  Immortal  
  153  8:54  Zealot  
  157  9:02  Stalker x2  
  142  9:08  Zealot x2  
  140  9:12  Zealot x6  
  144  9:28  Zealot x3  
  144  9:31  Observer  
  128  9:32  Zealot x4  
  124  9:38  Zealot x3  
  124  9:39  Zealot  
  122  9:49  Colossus (Chrono Boost)  
  122  9:51  Blink (Chrono Boost)  
  126  10:04  Stalker x3  
  126  10:06  Stalker x2  
  124  10:09  Zealot  
  124  10:14  Zealot x2  
  112  10:17  Zealot x2  
  102  10:22  Zealot  
  102  10:28  Zealot x3  
  88  10:35  High Templar  
  88  10:36  High Templar x5  
  88  10:37  High Templar x2  
  88  10:38  Protoss Ground Weapons Level 2 (Chrono Boost)  
  88  10:40  Warp Prism (Chrono Boost)  
  88  10:41  Archon x2  
  88  10:42  Archon x2  
  100  10:48  Zealot x3  
  106  10:52  Shield Battery  
  106  10:59  Robotics Facility  
  106  11:04  Colossus (Chrono Boost)  
  112  11:12  Zealot x4  
  120  11:23  Zealot x3  
  120  11:24  Zealot  
  120  11:25  Sentry x2  
  132  11:33  Zealot x2, High Templar x2  
  132  11:38  Archon  
  139  11:41  Zealot  
  139  11:45  Disruptor (Chrono Boost)  
  141  11:49  Disruptor (Chrono Boost)  
  147  11:54  Forge  
  147  12:02  Stalker x4  
  147  12:03  Stalker  
  147  12:05  Disruptor (Chrono Boost)  
  157  12:08  Nexus  
  157  12:10  Pylon  
  160  12:20  Probe x4  
  164  12:29  Zealot x8  
  174  12:37  Probe x3  
  174  12:38  Probe  
  174  12:41  Disruptor (Chrono Boost)  
  174  12:43  Pylon  
  179  12:46  Disruptor (Chrono Boost)  
  176  12:51  Zealot x3  
  176  12:52  Zealot  
  176  13:04  Zealot x5  
  165  13:07  Disruptor (Chrono Boost)  
  165  13:10  Stalker x2  
  169  13:17  Stalker x3  
  175  13:20  Stalker  
  171  13:33  Zealot x4  
  171  13:34  Zealot  
  157  13:36  Pylon  
  150  13:44  High Templar x4  
  150  13:45  Stalker x2  
  162  13:50  Archon x2  
  162  13:54  Zealot  
  162  13:55  Zealot x3  
  160  14:01  Zealot  
Show
View Real Time Build Order
Export as new Build Order

HeroMarine Terran 

Build Orders: Reaper Expand 

Get SALT Encoding   

  12  0:00  SCV  
  13  0:12  SCV  
  14  0:17  Supply Depot  
  14  0:24  SCV  
  15  0:38  SCV  
  15  0:40  Barracks  
  16  0:42  Refinery  
  16  0:51  SCV  
  17  1:03  SCV  
  18  1:15  SCV  
  19  1:27  Reaper, Orbital Command  
  20  1:40  Command Center  
  20  1:48  Supply Depot  
  20  1:52  SCV  
  21  1:58  Marine  
  22  2:04  SCV  
  23  2:09  Factory  
  23  2:13  Bunker  
  23  2:17  SCV  
  23  2:20  Barracks Reactor  
  24  2:23  Refinery  
  24  2:29  SCV  
  25  2:41  SCV  
  26  2:52  Orbital Command  
  26  2:53  SCV  
  26  2:54  Hellion  
  26  2:55  Starport  
  29  3:00  Marine x2  
  29  3:05  SCV  
  31  3:16  Widow Mine  
  31  3:17  Marine, SCV  
  31  3:18  Marine  
  36  3:20  Supply Depot, SCV  
  37  3:29  SCV  
  37  3:32  Viking, SCV  
  41  3:37  Factory Tech Lab  
  41  3:38  Marine x2  
  43  3:41  SCV  
  43  3:44  SCV  
  43  3:47  Supply Depot  
  45  3:53  SCV  
  46  3:56  SCV, Cyclone  
  46  3:57  Marine  
  46  3:58  Marine  
  50  4:05  SCV  
  50  4:07  Medivac  
  50  4:08  SCV  
  54  4:12  Supply Depot  
  54  4:15  Marine x2  
  56  4:18  SCV  
  56  4:20  SCV  
  58  4:28  Command Center  
  58  4:30  SCV  
  59  4:32  SCV  
  59  4:35  Siege Tank  
  63  4:41  Marine x2  
  63  4:42  SCV  
  63  4:44  SCV  
  67  4:45  Supply Depot  
  67  4:47  Starport Tech Lab  
  67  4:49  Barracks  
  67  4:54  SCV  
  67  4:57  SCV  
  67  4:58  Barracks  
  69  5:02  Engineering Bay, Refinery  
  69  5:06  SCV  
  68  5:07  Siege Tank  
  68  5:09  SCV  
  68  5:12  Marine  
  68  5:13  Marine  
  74  5:14  Refinery  
  74  5:18  SCV  
  74  5:21  SCV  
  76  5:27  Missile Turret  
  76  5:28  Terran Infantry Weapons Level 1  
  76  5:30  Marine, SCV  
  78  5:37  Missile Turret  
  78  5:39  Marine, SCV  
  78  5:40  Orbital Command  
  78  5:41  Barracks  
  80  5:43  Barracks, SCV  
  80  5:44  Stimpack  
  80  5:48  Starport Reactor  
  81  5:52  SCV  
  81  5:53  Marine x2  
  81  5:54  Marine  
  81  5:55  SCV  
  86  5:57  Marine, Factory Reactor  
  86  5:58  Combat Shield  
  86  6:02  Supply Depot, Orbital Command  
  87  6:04  SCV  
  87  6:05  Supply Depot  
  87  6:09  SCV  
  89  6:15  Marauder x2  
  93  6:18  SCV  
  93  6:19  Supply Depot  
  93  6:24  Marine x2, SCV  
  93  6:25  Missile Turret  
  96  6:28  Medivac x2  
  96  6:30  SCV  
  96  6:32  SCV  
  101  6:36  SCV  
  98  6:43  SCV, Factory Tech Lab  
  98  6:44  Missile Turret, SCV  
  100  6:47  Barracks Tech Lab  
  100  6:48  SCV  
  100  6:52  Marauder x2  
  105  6:55  SCV  
  105  6:56  Marine x3, SCV  
  105  6:57  Marine  
  105  7:00  Medivac, SCV  
  105  7:01  Medivac  
  116  7:07  SCV  
  117  7:12  Supply Depot  
  117  7:13  Marine, Siege Tank, Supply Depot, SCV x2  
  123  7:16  Supply Depot  
  123  7:18  Refinery  
  123  7:19  SCV  
  123  7:20  Refinery, Concussive Shells  
  124  7:23  Marine, Terran Infantry Armor Level 1  
  125  7:32  Bunker  
  125  7:34  Marauder x2, SCV x3  
  125  7:36  Orbital Command  
  125  7:37  Orbital Command  
  132  7:40  Supply Depot  
  132  7:43  Viking x2  
  136  7:46  Supply Depot, SCV  
  136  7:48  Marauder  
  139  7:55  Supply Depot  
  139  7:56  Marauder  
  141  7:58  Marine  
  141  7:59  Marine x3, Marauder  
  147  8:08  Marine  
  148  8:14  Viking  
  148  8:15  Viking  
  148  8:16  Marine x2  
  148  8:17  Marauder  
  155  8:22  Marauder  
  159  8:27  Marauder  
  159  8:29  Marine  
  159  8:30  Marine  
  161  8:34  Marine  
  161  8:35  Siege Tank  
  161  8:38  Marauder  
  164  8:44  Marauder  
  164  8:46  Marine  
  164  8:47  Marine, Viking  
  172  8:48  Marauder  
  172  9:00  Marauder  
  150  9:05  Marine x2, Marauder  
  137  9:10  Marauder  
  137  9:12  Viking  
  137  9:16  Marine x2  
  137  9:17  Viking  
  137  9:21  Marauder  
  137  9:22  Starport, Ghost Academy  
  139  9:27  Marauder  
  139  9:28  Factory Reactor  
  139  9:30  Marine  
  139  9:31  Marine, Marauder  
  135  9:35  Marine x2  
  126  9:43  Marauder  
  100  9:45  Viking  
  100  9:47  Viking  
  100  9:48  Marine, Marauder  
  100  9:49  Marine  
  100  9:52  Marauder  
  108  9:53  Marine x2  
  107  10:04  Marauder  
  107  10:06  Marine  
  108  10:07  Marine  
  108  10:09  Marauder  
  108  10:11  Marine x2  
  108  10:14  Marauder  
  99  10:18  SCV x2  
  86  10:23  Orbital Command  
  86  10:24  Marine  
  86  10:25  Marine, Marauder  
  86  10:28  Marine  
  86  10:29  Marine  
  86  10:31  Marauder  
  86  10:33  Medivac x2, Widow Mine x2  
  86  10:34  Raven  
  86  10:35  Marauder  
  96  10:36  SCV x2  
  96  10:42  Marine x2  
  98  10:47  Marauder  
  98  10:48  SCV x2  
  98  10:49  SCV  
  104  10:52  Marauder  
  106  11:00  Marine x3  
  106  11:01  Marine  
  106  11:02  Marauder  
  106  11:03  Liberator x2  
  118  11:08  Marauder  
  120  11:14  Marauder  
  120  11:15  Bunker  
  117  11:21  Marine  
  117  11:22  Marine, Ghost  
  117  11:23  Marine x2  
  117  11:24  Enhanced Shockwaves  
  123  11:29  Liberator, Ghost  
  123  11:30  Liberator  
  131  11:37  Bunker  
  129  11:40  Marauder  
  129  11:42  Marine x3  
  129  11:46  Viking  
  136  11:51  Viking  
  136  11:52  Marauder, SCV  
  136  11:53  SCV x2  
  143  11:58  Marauder  
  143  12:00  Marine x3  
  148  12:01  Marauder  
  150  12:09  Supply Depot  
  150  12:10  Supply Depot  
  150  12:13  Marauder  
  150  12:15  Viking  
  154  12:16  Viking  
  154  12:18  Marine x2  
  154  12:19  Marauder  
  154  12:22  Ghost  
  162  12:24  Marine x2  
  162  12:34  Ghost  
  164  12:39  Marine x2  
  164  12:40  Missile Turret  
  164  12:41  Marauder  
  168  12:51  Marauder  
  168  12:53  Marine x2  
  168  12:57  Marine x2  
  167  13:02  Marauder  
  167  13:03  Marauder  
  159  13:08  Liberator x2  
  159  13:11  Marine x2, Medivac  
  171  13:13  Marauder  
  171  13:23  Ghost  
  142  13:35  Marauder  
  142  13:38  Marauder  
Tags
 
Add a new tag
Caveats
  • Supply blocks, unpowered buildings, or Contaminate may cause inaccurate times.
  • Supply counts are checked every 10 seconds.